 Dungeon Crawl Stone Soup version 0.29-a0-823-gc37b1572da (webtiles) character file.

Game seed: 16103421699894413501

283 zeratav the Stinger (level 6, 0/36 HPs)
             Began as an Octopode Venom Mage on July 8, 2022.
             Slain by a gnoll
             ... wielding a +0 club
              (5 damage)
             ... on level 3 of the Dungeon.
             The game lasted 00:06:04 (4789 turns).

zeratav the Stinger (Octopode Venom Mage)           Turns: 4789, Time: 00:06:05

Health: 0/36       AC:  1    Str:  7    XL:     6   Next: 28%
Magic:  9/9        EV: 13    Int: 20    God:
Gold:   161        SH:  0    Dex: 12    Spells: 6/9 levels left

rFire   . . .      SeeInvis .   y - +1 whip (venom) {mace}
rCold   . . .      Faith    .   (no shield)
rNeg    . . .      Spirit   .   (helmet restricted)
rPois   .          Reflect  .   (no amulet)
rElec   .          Harm     .   (no ring)
rCorr   .          Rampage  .   (no ring)
Will    .....                   (no ring)
Stlth   ++++......              (no ring)
HPRegen 0.12/turn               (no ring)
MPRegen 0.11/turn               (no ring)
                                (no ring)
                                (no ring)

@: no status effects
A: almost no armour, amphibious, 8 rings, camouflage 1, gelatinous body 1,
(nimble swimmer 1), tentacles
a: no special abilities


You were on level 3 of the Dungeon.
You visited 1 branch of the dungeon, and saw 3 of its levels.

You collected 161 gold pieces.


Innate Abilities, Weirdness & Mutations

You cannot wear most types of armour.
You are amphibious.
You can wear up to eight rings at the same time.
Your skin changes colour to match your surroundings (Stealth+).
Your rubbery body absorbs attacks. (AC +1, EV +1)
((You are camouflaged when in or above water. (Stealth+)))
You have tentacles for arms and can constrict up to eight enemies at once.


   Skills:
 - Level 2.0 Dodging
 - Level 5.0 Stealth
 - Level 2.0 Spellcasting
 - Level 1.0 Transmutations
 + Level 7.4 Poison Magic


You had 6 spell levels left.
You knew the following spells:

 Your Spells              Type           Power      Damage    Failure   Level
a - Sting                 Tmut/Pois      72%        1d6       2%          1
b - Poisonous Vapours     Pois/Air       32%        N/A       5%          2

Your spell library contained the following spells:

 Spells                   Type           Power      Damage    Failure   Level
 Olgreb's Toxic Radiance  Pois           31%        N/A       8%          4
 Spider Form              Tmut/Pois      18%        N/A       9%          3
 Mephitic Cloud           Conj/Pois/Air  11%        N/A       17%         3
 Ensorcelled Hibernation  Hex/Ice        4%         N/A       24%         2
 Anguish                  Hex/Necr       1%         N/A       83%         4

Inventory:

Hand Weapons
 k - a +0 vorpal sling
   (You found it on level 1 of the Dungeon)
 y - a +1 whip of venom (weapon) {mace}
   (You took it off an orc on level 3 of the Dungeon)
Missiles
 i - 5 curare-tipped darts {=fthrowing}
 x - a boomerang of dispersal {=fthrowing}
Wands
 l - a wand of flame (22)
   (You took it off Jessica on level 2 of the Dungeon)
 w - a wand of light (5)
   (You found it on level 3 of the Dungeon)
Scrolls
 b - a scroll of enchant armour {unknown}
 d - a scroll of immolation {unknown}
 f - 3 scrolls of fear {unknown}
 g - a scroll of teleportation {unknown}
 j - a scroll of noise {unknown}
 n - 2 scrolls of amnesia {unknown}
 o - a scroll of torment {unknown}
 p - a scroll of fog {unknown}
 t - a scroll of magic mapping {unknown}
 u - a scroll of poison {unknown}
 v - a scroll of acquirement {unknown}
Potions
 a - 3 potions of magic
 e - 5 potions of curing {@q1}
 h - 3 potions of heal wounds {unknown}
 m - 2 potions of mutation {unknown}
 q - 2 potions of attraction {unknown}
 r - 2 potions of brilliance {unknown}
 s - a potion of degeneration {unknown}

Dungeon Overview and Level Annotations

Branches:
Dungeon (3/15) Zot: 13186

Altars:

Shops:
D:2 [

Annotations:
D:2 1 runed translucent door, Crazy Yiuf

.........# #.[########
......#######..#
#..#...........#
.......#####...#
..........##...#########
.......##..............#
............#..........#
........###.#...g......#
....##..# #.#...@......#
.....#..###............#
.#........##......[....#
###......)##.....##))..#
+ +#...........####.<..#
##...###..#.# ######
##..# ##...# #..## #####
#...#


You could see a gnoll.


Message History

You take 6 damage, and now have 19/31 hp.
You hit the hound. You constrict the hound. The hound bites you.
* * * LOW HITPOINT WARNING * * *
HP[-4]
You take 4 damage, and now have 15/31 hp.
You are too injured to fight recklessly!
You are too injured to fight recklessly!
You are too injured to fight recklessly!
Unknown command.
You release your grip on the hound.
You kill the hound!
Your Poison Magic skill increases to level 7!
You have reached level 6!
HP[+3] MP[+1]
You now have 36 max hp (+5).
You regained 3 hp, and now have 18/36 hp.
Your mp is fully restored (9).
Casting: Poisonous Vapours (safe; 5% risk of failure)
Confirm with . or Enter, or press ? or * to list all spells.
Aiming: Poisonous Vapours (safe; 5% risk of failure)
Press: ? - help, Dir - move target, f - hound
Aim: a hound Poisonous vapours surround the hound!
The hound is poisoned.
The hound bites you.
* * * LOW HITPOINT WARNING * * *
The hound bites you.
* * * LOW HITPOINT WARNING * * *
HP[-3] MP[-2]
You take 3 damage, and now have 15/36 hp.
You lost 2 mp, and now have 7/9 mp.
The hound attacks as you move away! The hound bites you.
* * * LOW HITPOINT WARNING * * *
HP[-3]
You take 3 damage, and now have 12/36 hp.
Casting: Poisonous Vapours (safe; 5% risk of failure)
Confirm with . or Enter, or press ? or * to list all spells.
Aiming: Poisonous Vapours (safe; 5% risk of failure)
Press: ? - help, Dir - move target, f/p - hound
Aim: a hound (lightly wounded, poisoned) Poisonous vapours surround the hound!
The hound looks even sicker.
The hound misses you. The hound barely misses you.
HP[+1] MP[-2]
You lost 2 mp, and now have 5/9 mp.
The hound attacks as you move away! The hound barely misses you.
The hound attacks as you move away! The hound misses you. The hound bites you.
* * * LOW HITPOINT WARNING * * *
HP[-3]
You take 3 damage, and now have 10/36 hp.
Casting: Poisonous Vapours (safe; 5% risk of failure)
Confirm with . or Enter, or press ? or * to list all spells.
Aiming: Poisonous Vapours (safe; 5% risk of failure)
Press: ? - help, Dir - move target, f/p - hound
Aim: a hound (heavily wounded, very poisoned) Poisonous vapours surround the hound!
The hound looks even sicker.
The hound barely misses you.
MP[-2]
You lost 2 mp, and now have 3/9 mp.
The hound bites you.
* * * LOW HITPOINT WARNING * * *
HP[-2]
You take 2 damage, and now have 8/36 hp.
The hound bites you.
* * * LOW HITPOINT WARNING * * *
HP[-2] MP[+1]
You take 2 damage, and now have 6/36 hp.
The hound attacks as you move away! The hound bites you but does no damage.
The hound attacks as you move away! The hound closely misses you.
The hound misses you.
HP[+1]
The hound attacks as you move away! The hound barely misses you.
The hound bites you.
* * * LOW HITPOINT WARNING * * *
HP[-3]
You take 3 damage, and now have 4/36 hp.
You kill the hound!
MP[+1] HP[+1]
Things that are here:
a +0 short sword {short}; a +0 hand axe {axe}; a +0 scale mail MP[+1] HP[+1] HP[+1] MP[+1]
You see here a +0 ring mail.
HP[+1]
A hobgoblin comes into view.
MP[+1]
The hobgoblin shouts!
You hit the hobgoblin but do no damage.
The hobgoblin is poisoned.
Your grab misses the hobgoblin. You squeeze the hobgoblin.
You kill the hobgoblin!
There is a stone staircase leading up here.
HP[+1]
You hit the gnoll. Your grab misses the gnoll. The gnoll misses you.
The gnoll hits you with a +0 club.
* * * LOW HITPOINT WARNING * * *
HP[-4]
You take 4 damage, and now have 5/36 hp.
You hit the gnoll. Your grab misses the gnoll.
The gnoll hits you with a +0 club.
You die...

Skill      XL: |  1  2  3  4  5 |
---------------+----------------+-----
Stealth        | 3 4 5 |  5.0
Poison Magic   | 4 5 7 |  7.4
Dodging        | |  2.0
Spellcasting   | |  2.0
Transmutations | |  1.0

Action                   |  1- 3 |  4- 6 || total
-------------------------+-------+-------++-------
Melee: Short sword       |    11 |     4 ||    15
       Constrict         |     2 |     4 ||     6
       Tentacles         |     2 |     1 ||     3
       Whip              |       |    13 ||    13
       Punch             |       |     1 ||     1
 Fire: Sling             |    19 |    36 ||    55
 Cast: Sting             |    27 |    25 ||    52
       Poisonous Vapours |       |    32 ||    32
Evoke: Wand              |       |     1 ||     1
  Use: Potion            |       |     1 ||     1
Armor: Skin              |     2 |     5 ||     7
Dodge: Dodged            |    33 |    44 ||    77

Levels and vault maps discovered:
D:1:      giann_wishing_wells, layout_loops_ring,
          hellmonk_ecumenical_altar_arch_garden
D:2:      layout_rooms, serial_shops, shop, mrwooster_statue_mirror,
          uniq_crazy_yiuf_cottage, uniq_jessica
D:3:      layout_rooms, nemelex_diamond_rough_becter,
          yredelemnul_forgotten_temple_becter, cheibrodos_gnoll_hut,
          uniq_terence

Notes
Turn   | Place    | Note
-------+----------+-------------------------------------------
     0 | D:1      | zeratav the Octopode Venom Mage began the quest for the
                  | Orb.
     0 | D:1      | Reached XP level 1. HP: 11/11 MP: 3/3
     0 | D:1      | magus.rc [v1.9.6]
   246 | D:1      | Found a faded altar of an unknown god.
   258 | D:1      | Reached skill level 3 in Stealth
   601 | D:1      | HP: 1/11 [frozen (2)]
   603 | D:1      | Reached skill level 4 in Poison Magic
   603 | D:1      | Reached XP level 2. HP: 1/17 MP: 1/5
  1550 | D:2      | Noticed Jessica
  1555 | D:2      | Killed Jessica
  1556 | D:2      | Reached skill level 4 in Stealth
  1556 | D:2      | Reached XP level 3. HP: 9/21 MP: 3/6
  1744 | D:2      | HP: 5/21 [poisoned by an adder]
  1745 | D:2      | HP: 2/21 [poisoned by an adder]
  2104 | D:2      | HP: 4/21 [quokka (3)]
  2112 | D:1      | Reached XP level 4. HP: 7/27 MP: 3/7
  2589 | D:2      | Found Iraf Teo's Armour Shop.
  2627 | D:2      | Found a runed translucent door.
  2628 | D:2      | Noticed Crazy Yiuf
  2902 | D:3      | Learned a level 2 spell: Poisonous Vapours
  2912 | D:3      | HP: 3/27 [acid (6)]
  2914 | D:3      | Reached skill level 5 in Stealth
  2914 | D:3      | Reached skill level 5 in Poison Magic
  3225 | D:3      | You pick up a book of Dreams and begin reading...
  3225 | D:3      | You add the spells Ensorcelled Hibernation, Spider Form and
                  | Anguish to your library.
  3336 | D:3      | Noticed Terence
  3354 | D:3      | Killed Terence
  3355 | D:3      | Reached XP level 5. HP: 28/31 MP: 0/8
  3468 | D:3      | Reached skill level 6 in Poison Magic
  3484 | D:3      | HP: 6/31 [orc/+0 flail (11)]
  4059 | D:3      | HP: 4/31 [orc/+0 hand axe (5)]
  4181 | D:3      | HP: 6/31 [adder (4)]
  4734 | D:3      | Reached skill level 7 in Poison Magic
  4734 | D:3      | Reached XP level 6. HP: 18/36 MP: 9/9
  4741 | D:3      | HP: 8/36 [hound (2)]
  4747 | D:3      | HP: 4/36 [hound (3)]
  4788 | D:3      | HP: 5/36 [gnoll/+0 club (4)]
  4789 | D:3      | Slain by a gnoll

Vanquished Creatures
  2 hounds (D:3)
  A jelly (D:3)
  An orc priest (D:3)
  Terence (D:3)
  Jessica (D:2)
  An orc wizard (D:3)
  3 adders
  A worm (D:3)
  8 orcs (D:3)
  5 endoplasms
  9 hobgoblins
  3 jackals (D:2)
  2 kobolds
  2 quokkas (D:1)
  A ball python (D:3)
  3 bats
  5 frilled lizards
  A goblin (D:3)
  2 rats
52 creatures vanquished.

Table legend:
 A = Non-vault XP
 B = Vault XP
 C = Vault XP percentage of total XP
 D = Non-vault monster count
 E = Vault monster count
 F = Vault count percentage of total count
                 A         B        C        D         E       F
            +---------+---------+-------+---------+---------+-------
      Total |     243 |     162 |  40.0 |      48 |       4 |   7.7
            +---------+---------+-------+---------+---------+-------
        D:1 |      24 |       0 |   0.0 |      15 |       0 |   0.0
        D:2 |      31 |      37 |  54.4 |      10 |       1 |   9.1
        D:3 |     188 |     125 |  39.9 |      23 |       3 |  11.5
            +---------+---------+-------+---------+---------+-------

Illustrated notes

Table legend:
 A = Kills in this place as a percentage of kills in entire the game.
 B = Kills by you in this place as a percentage of kills by you in the entire game.
 C = Kills by friends in this place as a percentage of kills by friends in the entire game.
 D = Other kills in this place as a percentage of other kills in the entire game.
 E = Experience gained in this place as a percentage of experience gained in the entire game.
 F = Experience gained in this place divided by the number of levels of this place that you have seen.
                   A       B       C       D       E      F
               +-------+-------+-------+-------+-------+----------------------
         Total | 100.0 | 100.0 |   N/A |   N/A | 100.0 | 135.0
       Dungeon | 100.0 | 100.0 |   N/A |   N/A | 100.0 | 135.0
               +-------+-------+-------+-------+-------+----------------------

Table legend: (Time is in decaauts)
 A = Elapsed time spent in this place.
 B = Non-inter-level travel time spent in this place.
 C = Inter-level travel time spent in this place.
 D = Time resting spent in this place.
 E = Time spent auto-exploring this place.
 F = Levels seen in this place.
 G = Mean time per level.
                   A        B        C        D        E       F      G
               +--------+--------+--------+--------+--------+-----+--------+
         Total |   4812 |   4757 |     55 |    998 |   3254 |   3 | 1604.0 |
       Dungeon |   4812 |   4757 |     55 |    998 |   3254 |   3 | 1604.0 |
               +--------+--------+--------+--------+--------+-----+--------+

Top non-repeatable levels by time:
     D:3: 1833 daAuts
     D:1: 1776 daAuts
     D:2: 1202 daAuts
